 Dungeon Crawl Stone Soup version 0.27-a0-1384-g1422d76b99 (webtiles) character file.

Game seed: 9148564078256799794

125 avis the Ruffian (level 5, 0/49 HPs)
             Began as an Ogre Transmuter on July 1, 2021.
             Killed by nerve-wracking pain
             ... invoked by Grinder
              (3 damage)
             ... while paralysed by Grinder
             ... on level 3 of the Dungeon.
             The game lasted 00:14:50 (2912 turns).

avis the Ruffian (Ogre Transmuter)                  Turns: 2912, Time: 00:14:51

Health: 0/49       AC:  3    Str: 14    XL:     5   Next: 9%
Magic:  6/8        EV:  1    Int: 14    God:
Gold:   93         SH:  0    Dex: 10    Spells: 0/8 levels left

rFire    . . .     SeeInvis .     - Unarmed
rCold    . . .     Faith    .   (no shield)
rNeg     . . .     Spirit   .   a - +0 robe
rPois    .         Reflect  .   (helmet restricted)
rElec    .         Harm     .   (no cloak)
rCorr    .         Rampage  .   (gloves unavailable)
Will     .....                  (boots unavailable)
Stlth    +.........             (no amulet)
HPRegen  0.16/turn              i - +4 ring of evasion
MPRegen  0.11/turn              (no ring)

@: paralysed
A: large, unfitting armour, tough skin 1
a: no special abilities


You were on level 3 of the Dungeon.
You visited 1 branch of the dungeon, and saw 3 of its levels.

You collected 93 gold pieces.

Inventory:

Hand Weapons
 b - a +0 hunting sling
Missiles
 e - 55 stones (quivered)
Armour
 a - a +0 robe (worn)
Magical Staves
 k - a staff of fire
Jewellery
 i - a +4 ring of evasion (left hand)
Scrolls
 c - 2 scrolls of silence {unknown}
 d - a scroll of fear {unknown}
 h - 4 scrolls of identify {unknown}
 j - a scroll of acquirement {unknown}
 l - 3 scrolls of magic mapping {unknown}
Potions
 f - a potion of curing {unknown}
 g - 3 potions of haste {unknown}


   Skills:
 - Level 2.0 Fighting
 - Level 2.0 Dodging
 + Level 4.6 Unarmed Combat
 - Level 2.4 Spellcasting
 - Level 2.0 Transmutations
 - Level 1.0 Poison Magic


You couldn't memorise any spells.
You knew the following spells:

 Your Spells              Type           Power      Damage    Failure   Level
a - Beastly Appendage     Tmut           14%        N/A       10%         1
p - Spider Form           Tmut/Pois      2%         N/A       36%         3
q - Ice Form              Ice/Tmut       4%         N/A       83%         4

Your spell library contained the following spells:

 Spells                   Type           Power      Damage    Failure   Level
 Wereblood                Tmut           7%         N/A       16%         2


Dungeon Overview and Level Annotations

Branches:
Dungeon (3/15)

Altars:

Shops:
D:3 =([

Annotations:
D:3 Grinder, Terence


Innate Abilities, Weirdness & Mutations

You are too large for most types of armour.
You have tough skin. (AC +1)


Message History

Grinder gestures at you.
You suddenly lose the ability to move!
Grinder drinks a potion.
Grinder seems to grow stronger.
Grinder hits you!
Your transformation has ended.
Your +0 robe unmelds from your body.
Grinder blinks!
You can move again.
Casting: Spider Form (quite dangerous; 36% risk of failure)
Confirm with . or Enter, or press ? or * to list all spells.
The spell is quite dangerous to cast (36% risk of failure)!
Continue anyway?
You turn into a venomous arachnid creature.
Your +0 robe melds into your body.
Grinder gestures at you. Pain shoots through your body! Grinder misses you.
You hit Grinder but do no damage.
Grinder is lightly wounded.
Grinder completely misses you.
Your transformation is almost over.
Grinder blinks!
Grinder says, "Wait up."
Terence completely misses you.
You barely miss Grinder.
Your transformation has ended.
Your +0 robe unmelds from your body.
Grinder blinks!
Grinder gestures at you. Pain shoots through your body!
Terence bares his teeth.
Grinder gestures at you.
You suddenly lose the ability to move!
Terence hits you with a +0 short sword. x2
Grinder hits you!
* * * LOW HITPOINT WARNING * * *
You writhe in agony.
* * * LOW HITPOINT WARNING * * *
Terence hits you with a +0 short sword.
* * * LOW HITPOINT WARNING * * *
Grinder gestures at you. Pain shoots through your body!
You die...

......#♣.∩.♣#.#.###+#............
......##.♣###.#.##..#....#.∩.#...
..........###.#..................
...........................#.....
.........#................†.###..
.................................
......##§#.##.#..................
......##.#.#.............#...##..
......'........@@................
......#........5...<#########....
......##............# ##...
########.####...#.###. #.... .#
#.........#..... #.... .#
#..####.....### ##...
.######>.##.##..#.# #....
.....##..##.##..#.#### #####...
.....##............... #.#.#...


You could see Grinder (strong) and Terence.

Vanquished Creatures
  An iguana (D:3)
  5 adders
  3 worms (D:2)
  2 orcs (D:3)
  5 bats
  3 endoplasms (D:1)
  2 giant cockroaches (D:1)
  2 goblins (D:2)
  4 hobgoblins
  6 jackals (D:2)
  A kobold (D:2)
  3 quokkas
  2 ball pythons
  3 frilled lizards
42 creatures vanquished.

Notes
Turn   | Place    | Note
-------+----------+-------------------------------------------
     0 | D:1      | avis the Ogre Transmuter began the quest for the Orb.
     0 | D:1      | Reached XP level 1. HP: 19/19 MP: 3/3
   106 | D:1      | Reached skill level 3 in Unarmed Combat
   270 | D:1      | Reached XP level 2. HP: 16/28 MP: 3/5
   439 | D:1      | HP: 1/28 [dart slug/slug dart (2)]
   449 | D:1      | You fall into a shaft and drop 1 floor!
   884 | D:2      | Reached XP level 3. HP: 15/35 MP: 4/6
  1661 | D:2      | Found a faded altar of an unknown god.
  1675 | D:2      | You fall into a shaft and drop 1 floor!
  1684 | D:3      | Found Tihur's Antique Weapon Shop.
  1702 | D:3      | Reached skill level 4 in Unarmed Combat
  1702 | D:3      | Reached XP level 4. HP: 37/42 MP: 5/7
  1775 | D:3      | Found Nuli's Antique Armour Shop.
  1837 | D:2      | Learned a level 3 spell: Spider Form
  2165 | D:2      | Reached skill level 1 in Poison Magic
  2659 | D:3      | Reached XP level 5. HP: 49/49 MP: 4/8
  2822 | D:3      | Learned a level 4 spell: Ice Form
  2850 | D:3      | Found Kidah's Jewellery Shoppe.
  2873 | D:3      | Noticed Grinder
  2881 | D:3      | Noticed Terence
  2882 | D:3      | Paralysed by Grinder for 3 turns
  2907 | D:3      | Paralysed by Grinder for 6 turns
  2912 | D:3      | Killed from afar by Grinder

Illustrated notes

Levels and vault maps discovered:
D:1:      sevenhm_arrival_forest_fort_large_2, layout_basic
D:2:      layout_basic, shapermc_ecumenical_altar_flowoftime
D:3:      layout_basic, trog_wizard, serial_shops, nicolae_shop_stone,
          nicolae_shop_trees, nicolae_shop_behind_doors, shop_statue, hex_large,
          uniq_terence, uniq_crazy_yiuf_cottage, uniq_grinder

Skill      XL: |  1  2  3  4 |
---------------+-------------+-----
Unarmed Combat | 3 4 |  4.6
Fighting       | 2 |  2.0
Dodging        | 2 |  2.0
Transmutations | 2 |  2.0
Poison Magic   | 1 |  1.0
Spellcasting   | |  2.4

Action                   |  1- 3 |  4- 6 || total
-------------------------+-------+-------++-------
Melee: Unarmed           |   102 |    45 ||   147
       Kick              |    16 |     7 ||    23
       Headbutt          |    11 |     4 ||    15
 Fire: Hunting sling     |    15 |    30 ||    45
 Cast: Beastly Appendage |    22 |     8 ||    30
       Spider Form       |       |     3 ||     3
Armor: Robe              |    34 |     6 ||    40
Dodge: Dodged            |    54 |    40 ||    94

Table legend: (Time is in decaauts)
 A = Elapsed time spent in this place.
 B = Non-inter-level travel time spent in this place.
 C = Inter-level travel time spent in this place.
 D = Time resting spent in this place.
 E = Time spent auto-exploring this place.
 F = Levels seen in this place.
 G = Mean time per level.
                   A        B        C        D        E       F      G
               +--------+--------+--------+--------+--------+-----+--------+
         Total |   2893 |   2854 |     39 |   1056 |   1192 |   3 |  964.3 |
       Dungeon |   2893 |   2854 |     39 |   1056 |   1192 |   3 |  964.3 |
               +--------+--------+--------+--------+--------+-----+--------+

Top non-repeatable levels by time:
     D:2: 1925 daAuts
     D:3: 512 daAuts
     D:1: 454 daAuts
